Workbook

Sheet P&L
A1: Пример бюджета доходов и расходов дилерского центра
A3: Наименование статьи P&L | B3: 42005 | C3: 42036 | D3: 42064 | E3: 42095 | F3: 42125 | G3: 42156 | H3: 42186 | I3: 42217 | J3: 42248 | K3: 42278 | L3: 42309 | M3: 42339 | N3: Total 2015
A4: Выручка от реализации (REVENUE) | B4: =B5+B9 -> 83900000 | C4: =C5+C9 -> 85510000 | D4: =D5+D9 -> 86950000 | E4: =E5+E9 -> 85660000 | F4: =F5+F9 -> 93340000 | G4: =G5+G9 -> 93090000 | H4: =H5+H9 -> 103120000 | I4: =I5+I9 -> 99620000 | ... N4: =N5+N9 -> 1122840000
A5: Продажа автомобилей | B5: =SUM(B6:B8) -> 69000000 | C5: =SUM(C6:C8) -> 70400000 | D5: =SUM(D6:D8) -> 72900000 | E5: =SUM(E6:E8) -> 73100000 | F5: =SUM(F6:F8) -> 79500000 | G5: =SUM(G6:G8) -> 75000000 | H5: =SUM(H6:H8) -> 86300000 | I5: =SUM(I6:I8) -> 84500000 | ... N5: =SUM(N6:N8) -> 938700000
A6: Розничные продажи | B6: 25000000 | C6: 29000000 | D6: 23000000 | E6: 30000000 | F6: 27500000 | G6: 27500000 | H6: 30000000 | I6: 30000000 | J6: 30000000 | K6: 25000000 | L6: 25000000 | M6: 32500000 | N6: =SUM(B6:M6) -> 334500000
A7: Корпоративные продажи | B7: 35000000 | C7: 31500000 | D7: 39000000 | E7: 35000000 | F7: 43000000 | G7: 38500000 | H7: 45500000 | I7: 45500000 | J7: 45500000 | K7: 42000000 | L7: 42000000 | M7: 45500000 | N7: =SUM(B7:M7) -> 488000000
A8: Поддержанные автомобили | B8: 9000000 | C8: 9900000 | D8: 10900000 | E8: 8100000 | F8: 9000000 | G8: 9000000 | H8: 10800000 | I8: 9000000 | J8: 9900000 | K8: 11700000 | L8: 10800000 | M8: 8100000 | N8: =SUM(B8:M8) -> 116200000
A9: Сервис | B9: =SUM(B10:B11) -> 14900000 | C9: =SUM(C10:C11) -> 15110000 | D9: =SUM(D10:D11) -> 14050000 | E9: =SUM(E10:E11) -> 12560000 | F9: =SUM(F10:F11) -> 13840000 | G9: =SUM(G10:G11) -> 18090000 | H9: =SUM(H10:H11) -> 16820000 | I9: =SUM(I10:I11) -> 15120000 | ... N9: =SUM(N10:N11) -> 184140000
A10: Служба продаж услуг сервиса | B10: 8500000 | C10: 9350000 | D10: 7650000 | E10: 6800000 | F10: 6800000 | G10: 11050000 | H10: 8500000 | I10: 6800000 | J10: 7650000 | K10: 8500000 | L10: 11050000 | M10: 7650000 | N10: =SUM(B10:M10) -> 100300000
A11: Отдел по гарантии | B11: 6400000 | C11: 5760000 | D11: 6400000 | E11: 5760000 | F11: 7040000 | G11: 7040000 | H11: 8320000 | I11: 8320000 | J11: 7680000 | K11: 7680000 | L11: 8320000 | M11: 5120000 | N11: =SUM(B11:M11) -> 83840000
A12: Себестоимость реализованной продукции (COGS) | B12: =B13+B17 -> -67922100 | C12: =C13+C17 -> -69204190 | D12: =D13+D17 -> -68887450 | E12: =E13+E17 -> -70100240 | F12: =F13+F17 -> -77565360 | G12: =G13+G17 -> -75148610 | H12: =H13+H17 -> -84164780 | I12: =I13+I17 -> -81525480 | ... N12: =N13+N17 -> -913964060
A13: Продажа автомобилей | B13: =SUM(B14:B16) -> -58350000 | C13: =SUM(C14:C16) -> -59500000 | D13: =SUM(D14:D16) -> -59850000 | E13: =SUM(E14:E16) -> -62000000 | F13: =SUM(F14:F16) -> -68660000 | G13: =SUM(G14:G16) -> -63570000 | H13: =SUM(H14:H16) -> -73385000 | I13: =SUM(I14:I16) -> -71715000 | ... N13: =SUM(N14:N16) -> -795640000
A14: Розничные продажи | B14: -20000000 | C14: -23500000 | D14: -18500000 | E14: -24500000 | F14: -22275000 | G14: -22275000 | H14: -24300000 | I14: -24300000 | J14: -24300000 | K14: -20250000 | L14: -20250000 | M14: -26325000 | N14: =SUM(B14:M14) -> -270775000
A15: Корпоративные продажи | B15: -30500000 | C15: -27400000 | D15: -33500000 | E15: -30450000 | F15: -38585000 | G15: -33495000 | H15: -39585000 | I15: -39585000 | J15: -39585000 | K15: -36540000 | L15: -36540000 | M15: -39585000 | N15: =SUM(B15:M15) -> -425350000
A16: Поддержанные автомобили | B16: -7850000 | C16: -8600000 | D16: -7850000 | E16: -7050000 | F16: -7800000 | G16: -7800000 | H16: -9500000 | I16: -7830000 | J16: -8613000 | K16: -10179000 | L16: -9396000 | M16: -7047000 | N16: =SUM(B16:M16) -> -99515000
A17: Сервис | B17: =B18+B21 -> -9572100 | C17: =C18+C21 -> -9704190 | D17: =D18+D21 -> -9037450 | E17: =E18+E21 -> -8100240 | F17: =F18+F21 -> -8905360 | G17: =G18+G21 -> -11578610 | H17: =H18+H21 -> -10779780 | I17: =I18+I21 -> -9810480 | ... N17: =N18+N21 -> -118324060
A18: Служба продаж услуг сервиса | B18: =SUM(B19:B20) -> -7165750 | C18: =SUM(C19:C20) -> -7263925 | D18: =SUM(D19:D20) -> -6768375 | E18: =SUM(E19:E20) -> -6071800 | F18: =SUM(F19:F20) -> -6670200 | G18: =SUM(G19:G20) -> -8657075 | H18: =SUM(H19:H20) -> -8063350 | I18: =SUM(I19:I20) -> -7368600 | ... N18: =SUM(N19:N20) -> -87785450
A19: Запасные части/Материалы в сервис | B19: -6332500 | C19: -6421750 | D19: -5971250 | E19: -5338000 | F19: -5882000 | G19: -7688250 | H19: -7148500 | I19: -6426000 | J19: -6515250 | K19: -6876500 | L19: -8232250 | M19: -5427250 | N19: =SUM(B19:M19) -> -78259500
A20: Себестоимость опциона | B20: -833250 | C20: -842175 | D20: -797125 | E20: -733800 | F20: -788200 | G20: -968825 | H20: -914850 | I20: -942600 | J20: -651525 | K20: -687650 | L20: -823225 | M20: -542725 | N20: =SUM(B20:M20) -> -9525950
A21: Отдел по гарантии | B21: =SUM(B22:B23) -> -2406350 | C21: =SUM(C22:C23) -> -2440265 | D21: =SUM(D22:D23) -> -2269075 | E21: =SUM(E22:E23) -> -2028440 | F21: =SUM(F22:F23) -> -2235160 | G21: =SUM(G22:G23) -> -2921535 | H21: =SUM(H22:H23) -> -2716430 | I21: =SUM(I22:I23) -> -2441880 | ... N21: =SUM(N22:N23) -> -30538610
A22: Субподрядные работы для сервиса | B22: -1519800 | C22: -1541220 | D22: -1433100 | E22: -1281120 | F22: -1411680 | G22: -1845180 | H22: -1715640 | I22: -1542240 | J22: -1763660 | K22: -1850360 | L22: -2175740 | M22: -1502540 | N22: =SUM(B22:M22) -> -19582280
A23: Гарантийный ремонт дилера | B23: -886550 | C23: -899045 | D23: -835975 | E23: -747320 | F23: -823480 | G23: -1076355 | H23: -1000790 | I23: -899640 | J23: -912135 | K23: -962710 | L23: -1152515 | M23: -759815 | N23: =SUM(B23:M23) -> -10956330
A24: Маржинальная прибыль, руб | B24: =SUM(B25:B26) -> 15977900 | C24: =SUM(C25:C26) -> 16305810 | D24: =SUM(D25:D26) -> 18062550 | E24: =SUM(E25:E26) -> 15559760 | F24: =SUM(F25:F26) -> 15774640 | G24: =SUM(G25:G26) -> 17941390 | H24: =SUM(H25:H26) -> 18955220 | I24: =SUM(I25:I26) -> 18094520 | ... N24: =SUM(N25:N26) -> 208875940
A25: Продажа автомобилей (маржинальная прибыль) | B25: =B5+B13 -> 10650000 | C25: =C5+C13 -> 10900000 | D25: =D5+D13 -> 13050000 | E25: =E5+E13 -> 11100000 | F25: =F5+F13 -> 10840000 | G25: =G5+G13 -> 11430000 | H25: =H5+H13 -> 12915000 | I25: =I5+I13 -> 12785000 | ... N25: =N5+N13 -> 143060000
A26: Сервис (маржинальная прибыль) | B26: =B9+B17 -> 5327900 | C26: =C9+C17 -> 5405810 | D26: =D9+D17 -> 5012550 | E26: =E9+E17 -> 4459760 | F26: =F9+F17 -> 4934640 | G26: =G9+G17 -> 6511390 | H26: =H9+H17 -> 6040220 | I26: =I9+I17 -> 5309520 | ... N26: =N9+N17 -> 65815940
A27: Прямые расходы (DIRECT COST) | B27: =B28+B39 -> -8510000 | C27: =C28+C39 -> -8510000 | D27: =D28+D39 -> -8510000 | E27: =E28+E39 -> -8510000 | F27: =F28+F39 -> -8510000 | G27: =G28+G39 -> -8510000 | H27: =H28+H39 -> -8510000 | I27: =I28+I39 -> -8510000 | ... N27: =N28+N39 -> -102120000
A28: Прямые производственные расходы | B28: =SUM(B29:B38) -> -6160000 | C28: =SUM(C29:C38) -> -6160000 | D28: =SUM(D29:D38) -> -6160000 | E28: =SUM(E29:E38) -> -6160000 | F28: =SUM(F29:F38) -> -6160000 | G28: =SUM(G29:G38) -> -6160000 | H28: =SUM(H29:H38) -> -6160000 | I28: =SUM(I29:I38) -> -6160000 | ... N28: =SUM(N29:N38) -> -73920000
A29: Командировочные расходы | B29: -480000 | C29: -480000 | D29: -480000 | E29: -480000 | F29: -480000 | G29: -480000 | H29: -480000 | I29: -480000 | J29: -480000 | K29: -480000 | L29: -480000 | M29: -480000 | N29: =SUM(B29:M29) -> -5760000
A30: Маркетинговые акции | B30: -1500000 | C30: -1500000 | D30: -1500000 | E30: -1500000 | F30: -1500000 | G30: -1500000 | H30: -1500000 | I30: -1500000 | J30: -1500000 | K30: -1500000 | L30: -1500000 | M30: -1500000 | N30: =SUM(B30:M30) -> -18000000
A31: Расходные материалы в торговлю | B31: -350000 | C31: -350000 | D31: -350000 | E31: -350000 | F31: -350000 | G31: -350000 | H31: -350000 | I31: -350000 | J31: -350000 | K31: -350000 | L31: -350000 | M31: -350000 | N31: =SUM(B31:M31) -> -4200000
A32: Спецодежда - покупка | B32: -450000 | C32: -450000 | D32: -450000 | E32: -450000 | F32: -450000 | G32: -450000 | H32: -450000 | I32: -450000 | J32: -450000 | K32: -450000 | L32: -450000 | M32: -450000 | N32: =SUM(B32:M32) -> -5400000
A33: Спецодежда - химчистка | B33: -50000 | C33: -50000 | D33: -50000 | E33: -50000 | F33: -50000 | G33: -50000 | H33: -50000 | I33: -50000 | J33: -50000 | K33: -50000 | L33: -50000 | M33: -50000 | N33: =SUM(B33:M33) -> -600000
A34: Страхование перевозок | B34: -450000 | C34: -450000 | D34: -450000 | E34: -450000 | F34: -450000 | G34: -450000 | H34: -450000 | I34: -450000 | J34: -450000 | K34: -450000 | L34: -450000 | M34: -450000 | N34: =SUM(B34:M34) -> -5400000
A35: Траспортные услуги | B35: -1000000 | C35: -1000000 | D35: -1000000 | E35: -1000000 | F35: -1000000 | G35: -1000000 | H35: -1000000 | I35: -1000000 | J35: -1000000 | K35: -1000000 | L35: -1000000 | M35: -1000000 | N35: =SUM(B35:M35) -> -12000000
A36: Услуги складского хранения | B36: -1500000 | C36: -1500000 | D36: -1500000 | E36: -1500000 | F36: -1500000 | G36: -1500000 | H36: -1500000 | I36: -1500000 | J36: -1500000 | K36: -1500000 | L36: -1500000 | M36: -1500000 | N36: =SUM(B36:M36) -> -18000000
A37: Инструменты общего и специального назначения | B37: -250000 | C37: -250000 | D37: -250000 | E37: -250000 | F37: -250000 | G37: -250000 | H37: -250000 | I37: -250000 | J37: -250000 | K37: -250000 | L37: -250000 | M37: -250000 | N37: =SUM(B37:M37) -> -3000000
A38: Прочие производственные расходы | B38: -130000 | C38: -130000 | D38: -130000 | E38: -130000 | F38: -130000 | G38: -130000 | H38: -130000 | I38: -130000 | J38: -130000 | K38: -130000 | L38: -130000 | M38: -130000 | N38: =SUM(B38:M38) -> -1560000
A39: Расходы на персонал (прямые) | B39: =SUM(B40:B43) -> -2350000 | C39: =SUM(C40:C43) -> -2350000 | D39: =SUM(D40:D43) -> -2350000 | E39: =SUM(E40:E43) -> -2350000 | F39: =SUM(F40:F43) -> -2350000 | G39: =SUM(G40:G43) -> -2350000 | H39: =SUM(H40:H43) -> -2350000 | I39: =SUM(I40:I43) -> -2350000 | ... N39: =SUM(N40:N43) -> -28200000
A40: Заработная плата и бонусы сотрудников | B40: -1500000 | C40: -1500000 | D40: -1500000 | E40: -1500000 | F40: -1500000 | G40: -1500000 | H40: -1500000 | I40: -1500000 | J40: -1500000 | K40: -1500000 | L40: -1500000 | M40: -1500000 | N40: =SUM(B40:M40) -> -18000000
A41: Единый социальный налог | B41: =B40*0.3 -> -450000 | C41: =C40*0.3 -> -450000 | D41: =D40*0.3 -> -450000 | E41: =E40*0.3 -> -450000 | F41: =F40*0.3 -> -450000 | G41: =G40*0.3 -> -450000 | H41: =H40*0.3 -> -450000 | I41: =I40*0.3 -> -450000 | ... N41: =N40*0.3 -> -5400000
A42: Добровольное медицинское страхование | B42: -250000 | C42: -250000 | D42: -250000 | E42: -250000 | F42: -250000 | G42: -250000 | H42: -250000 | I42: -250000 | J42: -250000 | K42: -250000 | L42: -250000 | M42: -250000 | N42: =SUM(B42:M42) -> -3000000
A43: Прочие расходы на персонал | B43: -150000 | C43: -150000 | D43: -150000 | E43: -150000 | F43: -150000 | G43: -150000 | H43: -150000 | I43: -150000 | J43: -150000 | K43: -150000 | L43: -150000 | M43: -150000 | N43: =SUM(B43:M43) -> -1800000
A44: Операционные расходы (OPEX) | B44: =B45+B50+B51+B56+B65 -> -7055000 | C44: =C45+C50+C51+C56+C65 -> -7054998.7 | D44: =D45+D50+D51+D56+D65 -> -7054997.4 | E44: =E45+E50+E51+E56+E65 -> -7054996.1 | F44: =F45+F50+F51+F56+F65 -> -7054994.8 | G44: =G45+G50+G51+G56+G65 -> -7054993.5 | H44: =H45+H50+H51+H56+H65 -> -7054992.2 | I44: =I45+I50+I51+I56+I65 -> -7054990.9 | ... N44: =N45+N50+N51+N56+N65 -> -84659914
A45: Расходы на персонал | B45: =SUM(B46:B49) -> -3640000 | C45: =SUM(C46:C49) -> -3639998.7 | D45: =SUM(D46:D49) -> -3639997.4 | E45: =SUM(E46:E49) -> -3639996.1 | F45: =SUM(F46:F49) -> -3639994.8 | G45: =SUM(G46:G49) -> -3639993.5 | H45: =SUM(H46:H49) -> -3639992.2 | I45: =SUM(I46:I49) -> -3639990.9 | ... N45: =SUM(N46:N49) -> -43679914
A46: Заработная плата и бонусы сотрудников | B46: -2000000 | C46: -1999999 | D46: -1999998 | E46: -1999997 | F46: -1999996 | G46: -1999995 | H46: -1999994 | I46: -1999993 | J46: -1999992 | K46: -1999991 | L46: -1999990 | M46: -1999989 | N46: =SUM(B46:M46) -> -23999934
A47: Единый социальный налог | B47: =B46*0.3 -> -600000 | C47: =C46*0.3 -> -599999.7 | D47: =D46*0.3 -> -599999.4 | E47: =E46*0.3 -> -599999.1 | F47: =F46*0.3 -> -599998.8 | G47: =G46*0.3 -> -599998.5 | H47: =H46*0.3 -> -599998.2 | I47: =I46*0.3 -> -599997.9 | ... N47: =N46*0.3 -> -7199980.2
A48: Добровольное медицинское страхование | B48: -900000 | C48: -900000 | D48: -900000 | E48: -900000 | F48: -900000 | G48: -900000 | H48: -900000 | I48: -900000 | J48: -900000 | K48: -900000 | L48: -900000 | M48: -900000 | N48: =SUM(B48:M48) -> -10800000
A49: Прочие расходы на персонал | B49: -140000 | C49: -140000 | D49: -140000 | E49: -140000 | F49: -140000 | G49: -140000 | H49: -140000 | I49: -140000 | J49: -140000 | K49: -140000 | L49: -140000 | M49: -140000 | N49: =SUM(B49:M49) -> -1680000
A50: Расходы на проведение тренингов | B50: -250000 | C50: -250000 | D50: -250000 | E50: -250000 | F50: -250000 | G50: -250000 | H50: -250000 | I50: -250000 | J50: -250000 | K50: -250000 | L50: -250000 | M50: -250000 | N50: =SUM(B50:M50) -> -3000000
A51: Эксплуатационные затраты | B51: =SUM(B52:B55) -> -1540000 | C51: =SUM(C52:C55) -> -1540000 | D51: =SUM(D52:D55) -> -1540000 | E51: =SUM(E52:E55) -> -1540000 | F51: =SUM(F52:F55) -> -1540000 | G51: =SUM(G52:G55) -> -1540000 | H51: =SUM(H52:H55) -> -1540000 | I51: =SUM(I52:I55) -> -1540000 | ... N51: =SUM(N52:N55) -> -18480000
A52: Аренда административных зданий, помещений, оборудования | B52: -700000 | C52: -700000 | D52: -700000 | E52: -700000 | F52: -700000 | G52: -700000 | H52: -700000 | I52: -700000 | J52: -700000 | K52: -700000 | L52: -700000 | M52: -700000 | N52: =SUM(B52:M52) -> -8400000
A53: Текущие затраты по эксплуатации и содержанию объекта | B53: -150000 | C53: -150000 | D53: -150000 | E53: -150000 | F53: -150000 | G53: -150000 | H53: -150000 | I53: -150000 | J53: -150000 | K53: -150000 | L53: -150000 | M53: -150000 | N53: =SUM(B53:M53) -> -1800000
A54: Коммунальные платежи | B54: -500000 | C54: -500000 | D54: -500000 | E54: -500000 | F54: -500000 | G54: -500000 | H54: -500000 | I54: -500000 | J54: -500000 | K54: -500000 | L54: -500000 | M54: -500000 | N54: =SUM(B54:M54) -> -6000000
A55: Ремонтные работы | B55: -190000 | C55: -190000 | D55: -190000 | E55: -190000 | F55: -190000 | G55: -190000 | H55: -190000 | I55: -190000 | J55: -190000 | K55: -190000 | L55: -190000 | M55: -190000 | N55: =SUM(B55:M55) -> -2280000
A56: Прочие административные расходы | B56: =SUM(B57:B64) -> -1525000 | C56: =SUM(C57:C64) -> -1525000 | D56: =SUM(D57:D64) -> -1525000 | E56: =SUM(E57:E64) -> -1525000 | F56: =SUM(F57:F64) -> -1525000 | G56: =SUM(G57:G64) -> -1525000 | H56: =SUM(H57:H64) -> -1525000 | I56: =SUM(I57:I64) -> -1525000 | ... N56: =SUM(N57:N64) -> -18300000
A57: Аутсорсинг административного персонала | B57: -450000 | C57: -450000 | D57: -450000 | E57: -450000 | F57: -450000 | G57: -450000 | H57: -450000 | I57: -450000 | J57: -450000 | K57: -450000 | L57: -450000 | M57: -450000 | N57: =SUM(B57:M57) -> -5400000
A58: Канцтовары, полиграфия, подписка на периодические издания | B58: -100000 | C58: -100000 | D58: -100000 | E58: -100000 | F58: -100000 | G58: -100000 | H58: -100000 | I58: -100000 | J58: -100000 | K58: -100000 | L58: -100000 | M58: -100000 | N58: =SUM(B58:M58) -> -1200000
A59: Командировочные расходы | B59: -290000 | C59: -290000 | D59: -290000 | E59: -290000 | F59: -290000 | G59: -290000 | H59: -290000 | I59: -290000 | J59: -290000 | K59: -290000 | L59: -290000 | M59: -290000 | N59: =SUM(B59:M59) -> -3480000
A60: Консультационные услуги | B60: -230000 | C60: -230000 | D60: -230000 | E60: -230000 | F60: -230000 | G60: -230000 | H60: -230000 | I60: -230000 | J60: -230000 | K60: -230000 | L60: -230000 | M60: -230000 | N60: =SUM(B60:M60) -> -2760000
A61: Обучение | B61: -110000 | C61: -110000 | D61: -110000 | E61: -110000 | F61: -110000 | G61: -110000 | H61: -110000 | I61: -110000 | J61: -110000 | K61: -110000 | L61: -110000 | M61: -110000 | N61: =SUM(B61:M61) -> -1320000
A62: Почтовые и курьерские расходы | B62: -120000 | C62: -120000 | D62: -120000 | E62: -120000 | F62: -120000 | G62: -120000 | H62: -120000 | I62: -120000 | J62: -120000 | K62: -120000 | L62: -120000 | M62: -120000 | N62: =SUM(B62:M62) -> -1440000
A63: Представительские расходы | B63: -180000 | C63: -180000 | D63: -180000 | E63: -180000 | F63: -180000 | G63: -180000 | H63: -180000 | I63: -180000 | J63: -180000 | K63: -180000 | L63: -180000 | M63: -180000 | N63: =SUM(B63:M63) -> -2160000
A64: Прочие административные расходы | B64: -45000 | C64: -45000 | D64: -45000 | E64: -45000 | F64: -45000 | G64: -45000 | H64: -45000 | I64: -45000 | J64: -45000 | K64: -45000 | L64: -45000 | M64: -45000 | N64: =SUM(B64:M64) -> -540000
A65: Налоги, кроме налога на прибыль | B65: -100000 | C65: -100000 | D65: -100000 | E65: -100000 | F65: -100000 | G65: -100000 | H65: -100000 | I65: -100000 | J65: -100000 | K65: -100000 | L65: -100000 | M65: -100000 | N65: =SUM(B65:M65) -> -1200000
A66: Прочие доходы (OTHER INCOME) | B66: 1500000 | C66: 1500000 | D66: 1200000 | E66: 1800000 | F66: 1800000 | G66: 1500000 | H66: 1500000 | I66: 1050000 | J66: 1350000 | K66: 1200000 | L66: 1050000 | M66: 1350000 | N66: =SUM(B66:M66) -> 16800000
A67: Прочие расходы (OTHER EXPENSES) | B67: -450000 | C67: -585000 | D67: -585000 | E67: -315000 | F67: -405000 | G67: -585000 | H67: -315000 | I67: -315000 | J67: -585000 | K67: -450000 | L67: -360000 | M67: -540000 | N67: =SUM(B67:M67) -> -5490000
A68: Прибыль до вычета процентов, налогов и амортизации (EBITDA) | B68: =B24+B27+B44+B66+B67 -> 1462900 | C68: =C24+C27+C44+C66+C67 -> 1655811.3 | D68: =D24+D27+D44+D66+D67 -> 3112552.6 | E68: =E24+E27+E44+E66+E67 -> 1479763.9 | F68: =F24+F27+F44+F66+F67 -> 1604645.2 | G68: =G24+G27+G44+G66+G67 -> 3291396.5 | H68: =H24+H27+H44+H66+H67 -> 4575227.8 | I68: =I24+I27+I44+I66+I67 -> 3264529.1 | ... N68: =N24+N27+N44+N66+N67 -> 33406026
A69: Амортизация | B69: =SUM(B70:B71) -> -230000 | C69: =SUM(C70:C71) -> -230000 | D69: =SUM(D70:D71) -> -230000 | E69: =SUM(E70:E71) -> -230000 | F69: =SUM(F70:F71) -> -230000 | G69: =SUM(G70:G71) -> -230000 | H69: =SUM(H70:H71) -> -230000 | I69: =SUM(I70:I71) -> -230000 | ... N69: =SUM(N70:N71) -> -2760000
A70: Амортизация основных средств (Depreciation) | B70: -150000 | C70: -150000 | D70: -150000 | E70: -150000 | F70: -150000 | G70: -150000 | H70: -150000 | I70: -150000 | J70: -150000 | K70: -150000 | L70: -150000 | M70: -150000 | N70: =SUM(B70:M70) -> -1800000
A71: Амортизация нематериальных активов (Amortization) | B71: -80000 | C71: -80000 | D71: -80000 | E71: -80000 | F71: -80000 | G71: -80000 | H71: -80000 | I71: -80000 | J71: -80000 | K71: -80000 | L71: -80000 | M71: -80000 | N71: =SUM(B71:M71) -> -960000
A72: Доходы/расходы по процентам (Interest Income and Expense) | B72: =SUM(B73:B75) -> -135000 | C72: =SUM(C73:C75) -> -135000 | D72: =SUM(D73:D75) -> -135000 | E72: =SUM(E73:E75) -> -135000 | F72: =SUM(F73:F75) -> -135000 | G72: =SUM(G73:G75) -> -135000 | H72: =SUM(H73:H75) -> -135000 | I72: =SUM(I73:I75) -> -135000 | ... N72: =SUM(N73:N75) -> -1620000
A73: Доходы от размещенных денежных средств | B73: 30000 | C73: 30000 | D73: 30000 | E73: 30000 | F73: 30000 | G73: 30000 | H73: 30000 | I73: 30000 | J73: 30000 | K73: 30000 | L73: 30000 | M73: 30000 | N73: =SUM(B73:M73) -> 360000
A74: Стоимость займов и кредитов | B74: -150000 | C74: -150000 | D74: -150000 | E74: -150000 | F74: -150000 | G74: -150000 | H74: -150000 | I74: -150000 | J74: -150000 | K74: -150000 | L74: -150000 | M74: -150000 | N74: =SUM(B74:M74) -> -1800000
A75: Проценты по коммерческому кредиту | B75: -15000 | C75: -15000 | D75: -15000 | E75: -15000 | F75: -15000 | G75: -15000 | H75: -15000 | I75: -15000 | J75: -15000 | K75: -15000 | L75: -15000 | M75: -15000 | N75: =SUM(B75:M75) -> -180000
A76: Прибыль до налога на прибыль (PROFIT BEFORE TAX, PBT) | B76: =B68+B69+B72 -> 1097900 | C76: =C68+C69+C72 -> 1290811.3 | D76: =D68+D69+D72 -> 2747552.6 | E76: =E68+E69+E72 -> 1114763.9 | F76: =F68+F69+F72 -> 1239645.2 | G76: =G68+G69+G72 -> 2926396.5 | H76: =H68+H69+H72 -> 4210227.8 | I76: =I68+I69+I72 -> 2899529.1 | ... N76: =N68+N69+N72 -> 29026026
A77: Налог на прибыль (CORPORATION TAX) | B77: =IF(B76>0,-0.2*B76,0) -> -219580 | C77: =IF(C76>0,-0.2*C76,0) -> -258162.26 | D77: =IF(D76>0,-0.2*D76,0) -> -549510.52 | E77: =IF(E76>0,-0.2*E76,0) -> -222952.78 | F77: =IF(F76>0,-0.2*F76,0) -> -247929.04 | G77: =IF(G76>0,-0.2*G76,0) -> -585279.3 | H77: =IF(H76>0,-0.2*H76,0) -> -842045.56 | I77: =IF(I76>0,-0.2*I76,0) -> -579905.82 | ... N77: =IF(N76>0,-0.2*N76,0) -> -5805205.2
A78: Чистая прибыль (NET PROFIT) | B78: =B76+B77 -> 878320 | C78: =C76+C77 -> 1032649 | D78: =D76+D77 -> 2198042.1 | E78: =E76+E77 -> 891811.12 | F78: =F76+F77 -> 991716.16 | G78: =G76+G77 -> 2341117.2 | H78: =H76+H77 -> 3368182.2 | I78: =I76+I77 -> 2319623.3 | ... N78: =N76+N77 -> 23220821

Sheet Маржинальная прибыль (%)
A1: Наименование статьи P&L | B1: 42005 | C1: 42036 | D1: 42064 | E1: 42095 | F1: 42125 | G1: 42156 | H1: 42186 | I1: 42217 | J1: 42248 | K1: 42278 | L1: 42309 | M1: 42339
A2: Маржинальная прибыль, ИТОГО (%) | B2: =('P&L'!B4+'P&L'!B12)/ABS('P&L'!B12) -> 0.2352386 | C2: =('P&L'!C4+'P&L'!C12)/ABS('P&L'!C12) -> 0.23561883 | D2: =('P&L'!D4+'P&L'!D12)/ABS('P&L'!D12) -> 0.26220378 | E2: =('P&L'!E4+'P&L'!E12)/ABS('P&L'!E12) -> 0.22196443 | F2: =('P&L'!F4+'P&L'!F12)/ABS('P&L'!F12) -> 0.20337223 | G2: =('P&L'!G4+'P&L'!G12)/ABS('P&L'!G12) -> 0.23874547 | H2: =('P&L'!H4+'P&L'!H12)/ABS('P&L'!H12) -> 0.22521558 | I2: =('P&L'!I4+'P&L'!I12)/ABS('P&L'!I12) -> 0.22194926 | ... M2: =('P&L'!M4+'P&L'!M12)/ABS('P&L'!M12) -> 0.21777086
A3: Продажа автомобилей (%) | B3: =('P&L'!B5+'P&L'!B13)/ABS('P&L'!B13) -> 0.18251928 | C3: =('P&L'!C5+'P&L'!C13)/ABS('P&L'!C13) -> 0.18319328 | D3: =('P&L'!D5+'P&L'!D13)/ABS('P&L'!D13) -> 0.21804511 | E3: =('P&L'!E5+'P&L'!E13)/ABS('P&L'!E13) -> 0.17903226 | F3: =('P&L'!F5+'P&L'!F13)/ABS('P&L'!F13) -> 0.15787941 | G3: =('P&L'!G5+'P&L'!G13)/ABS('P&L'!G13) -> 0.17980179 | H3: =('P&L'!H5+'P&L'!H13)/ABS('P&L'!H13) -> 0.17598964 | I3: =('P&L'!I5+'P&L'!I13)/ABS('P&L'!I13) -> 0.17827512 | ... M3: =('P&L'!M5+'P&L'!M13)/ABS('P&L'!M13) -> 0.18014721
A4: Сервис (%) | B4: =('P&L'!B9+'P&L'!B17)/ABS('P&L'!B17) -> 0.55660722 | C4: =('P&L'!C9+'P&L'!C17)/ABS('P&L'!C17) -> 0.55705937 | D4: =('P&L'!D9+'P&L'!D17)/ABS('P&L'!D17) -> 0.55464207 | E4: =('P&L'!E9+'P&L'!E17)/ABS('P&L'!E17) -> 0.55057134 | F4: =('P&L'!F9+'P&L'!F17)/ABS('P&L'!F17) -> 0.55412022 | G4: =('P&L'!G9+'P&L'!G17)/ABS('P&L'!G17) -> 0.5623637 | H4: =('P&L'!H9+'P&L'!H17)/ABS('P&L'!H17) -> 0.56032869 | I4: =('P&L'!I9+'P&L'!I17)/ABS('P&L'!I17) -> 0.54120899 | ... M4: =('P&L'!M9+'P&L'!M17)/ABS('P&L'!M17) -> 0.55120118

Sheet EBITDA
